 Dungeon Crawl Stone Soup version 0.29.1-1-gd02db69 (webtiles) character file.

Game seed: 8615440123051847107

228 Kel the Chopper (level 6, -2/37 HPs)
             Began as a Gargoyle Berserker on Nov 25, 2022.
             Was a Priest of Trog.
             Splashed by a jelly's acid (5 damage)
             ... on level 4 of the Dungeon.
             The game lasted 00:05:12 (3861 turns).

Kel the Chopper (Gargoyle Berserker)                Turns: 3861, Time: 00:05:13

Health: -2/37      AC:  4    Str: 23    XL:     6   Next: 2%
Magic:  6/6        EV: 12    Int:  7    God:    Trog [***...]
Gold:   121        SH:  0    Dex:  9    Spells: 5/5 levels left

rFire   . . .      SeeInvis .   a - +0 hand axe
rCold   . . .      Faith    .   (no shield)
rNeg    + . .      Spirit   .   q - +0 chain mail
rPois   ∞          Reflect  .   (no helmet)
rElec   +          Harm     .   d - scarf {+Inv}
rCorr   .          Rampage  .   b - +2 pair of gloves
Will    +....                   (no boots)
Stlth   ..........              (no amulet)
HPRegen 0.12/turn               c - ring of willpower
MPRegen 0.10/turn               k - +4 ring of evasion

@: corroded
A: sickness immunity, AC +4, negative energy resistance 1, electricity
resistance, torment resistance 1, petrification resistance
a: Renounce Religion, Evoke Invisibility, Berserk, Trog's Hand


You were on level 4 of the Dungeon.
You worshipped Trog.
Trog was most pleased with you.
You visited 1 branch of the dungeon, and saw 4 of its levels.

You collected 121 gold pieces.

Inventory:

Hand Weapons
 a - a +0 hand axe (weapon)
Missiles
 n - a throwing net (quivered)
Armour
 b - a +2 pair of gloves (worn)
 d - a scarf of invisibility (worn)
 q - a +0 chain mail (worn)
Jewellery
 c - a ring of willpower (left hand)
 k - a +4 ring of evasion (right hand)
Scrolls
 e - 2 scrolls of blinking {unknown}
 f - 2 scrolls of enchant armour {unknown}
 g - 3 scrolls of identify {unknown}
 m - 2 scrolls of butterflies {unknown}
 t - 2 scrolls of fear {unknown}
 u - 2 scrolls of enchant weapon {unknown}
 v - a scroll of silence {unknown}
Potions
 h - a potion of invisibility {unknown}
 i - 3 potions of brilliance {unknown}
 j - 2 potions of attraction {unknown}
 l - 2 potions of curing {unknown}
 o - 2 potions of mutation {unknown}
 p - 3 potions of heal wounds {unknown}
 r - a potion of cancellation {unknown}
 s - a potion of lignification {unknown}


   Skills:
 - Level 3.2 Fighting
 + Level 5.9 Axes
 - Level 2.1 Armour
 - Level 1.5 Dodging


You had 5 spell levels left.
You didn't know any spells.
Your spell library was empty.

Dungeon Overview and Level Annotations

Branches:
Dungeon (4/15)             Temple (0/1) D:4

Altars:
Okawaru

Shops:
D:3 (


Innate Abilities, Weirdness & Mutations

You are immune to sickness and miasma.
Your stone body is resilient. (AC +4)
You are immune to poison.
You resist negative energy. (rN+)
You are resistant to electric shocks. (rElec)
You are resistant to unholy torment.
You are immune to petrification.


Message History

You are frozen.
You hit the endoplasm.
The endoplasm is severely wounded.
The endoplasm barely misses you.
You hit the endoplasm.
You kill the endoplasm!
Trog accepts your kill.
No target in view!
Found a ring mail.
v - a scroll labelled BUINAY QEAK
i - 3 sedimented orange potions (gained 1)
Found a stone staircase leading up.
p - 3 green potions (gained 1)
f - 2 scrolls labelled WISKYTTAXKE (gained 1)
A jelly comes into view.
A jelly is nearby!
The jelly hits you. The acid corrodes you!
You are splashed with acid!
You are too injured to fight recklessly!
You are too injured to fight recklessly!
You are too injured to fight recklessly!
You are too injured to fight recklessly!
You hit the jelly but do no damage.
Your hands burn!
The jelly hits you but does no damage.
You hit the jelly but do no damage. The acid corrodes you!
Your hands burn!
The jelly completely misses you.
You hit the jelly but do no damage.
Your hands burn!
The jelly hits you but does no damage.
You hit the jelly. The acid corrodes you!
Your hands burn!
The jelly is lightly wounded.
The jelly hits you but does no damage.
You hit the jelly.
Your hands burn!
* * * LOW HITPOINT WARNING * * *
The jelly is lightly wounded.
The jelly barely misses you.
You hit the jelly but do no damage.
Your hands burn!
* * * LOW HITPOINT WARNING * * *
The jelly is lightly wounded.
The jelly barely misses you.
You hit the jelly but do no damage.
Your hands burn!
You die...

....#.#........#
#.....####..####
#####..........#
#..........#
#..........#
#..........#
#..........#
#..........####
#........@J...#
#############.#
### ... ..####
......


You could see a jelly.

Vanquished Creatures
  An orc priest (D:4)
  A hound (D:4)
  An iguana (D:4)
  An orc wizard (D:4)
  2 adders
  2 ufetubi (D:4)
  3 worms (D:3)
  3 dart slugs
  5 orcs
  3 bats
  12 endoplasms
  2 giant cockroaches
  3 goblins
  6 hobgoblins
  4 jackals (D:1)
  7 kobolds
  3 quokkas
  3 ball pythons
  A frilled lizard (D:1)
  7 rats
70 creatures vanquished.

Vanquished Creatures (others)
  2 plants (D:4)
2 creatures vanquished.

Grand Total: 72 creatures vanquished

Notes
Turn   | Place    | Note
-------+----------+-------------------------------------------
     0 | D:1      | Kel the Gargoyle Berserker began the quest for the Orb.
     0 | D:1      | Reached XP level 1. HP: 14/14 MP: 1/1
   103 | D:1      | Reached skill level 3 in Axes
   200 | D:1      | Reached XP level 2. HP: 19/19 MP: 2/2
   525 | D:1      | Reached XP level 3. HP: 21/23 MP: 3/3
   533 | D:1      | Reached ** piety under Trog
  1241 | D:2      | Reached skill level 4 in Axes
  1679 | D:2      | Found a faded altar of an unknown god.
  1980 | D:3      | Found an iron altar of Okawaru.
  1997 | D:3      | Reached XP level 4. HP: 28/28 MP: 4/4
  2015 | D:3      | Identified the +10 spear of Shrieking Terror {drain,
                  | Fragile rF+ rC+++ Dex-5}
  2530 | D:3      | Found Gounu's Antique Weapon Shop.
  2888 | D:4      | Found a staircase to the Ecumenical Temple.
  2946 | D:4      | Reached skill level 5 in Axes
  2946 | D:4      | Reached XP level 5. HP: 21/32 MP: 5/5
  3525 | D:4      | Identified the +2 dagger of Dissatisfaction {vorpal, rElec
                  | rPois rC+}
  3547 | D:4      | Reached XP level 6. HP: 37/37 MP: 6/6
  3708 | D:4      | Reached *** piety under Trog
  3861 | D:4      | Splashed by a jelly's acid

Illustrated notes

Levels and vault maps discovered:
D:1:      minmay_arrival_solitary_statue, layout_basic
D:2:      minmay_spotlight, layout_loops_ring, ebering_ecumenical_altar_webs,
          nicolae_kite_square_tiling_tiny, reono_crystal_passage
D:3:      layout_rooms, okawaru_trees_2, serial_shops, shop,
          minmay_misc_feat_four_crosses
D:4:      layout_basic, minmay_temple_entry_gardened_gates, grunt_decor_cap

Skill      XL: |  1  2  3  4 |
---------------+-------------+-----
Axes           | 3 4 5 |  5.9
Fighting       | |  3.2
Armour         | |  2.1
Dodging        | |  1.5

Action                   |  1- 3 |  4- 6 || total
-------------------------+-------+-------++-------
Melee: Hand axe          |   121 |   143 ||   264
       Punch             |       |     1 ||     1
Armor: Animal skin       |     2 |       ||     2
       Robe              |    51 |       ||    51
       Chain mail        |     5 |    72 ||    77
       Ring mail         |     3 |       ||     3
Dodge: Dodged            |   101 |    75 ||   176
